 Dungeon Crawl Stone Soup version 0.22.1-2-g9c5b331 (webtiles) character file.

111 Ereth the Slasher (level 4, -6/40 HPs)
             Began as a Hill Orc Berserker on Dec 22, 2018.
             Was a Believer of Trog.
             Killed by divine providence
             ... invoked by an orc priest
              (12 damage)
             ... on level 3 of the Dungeon.
             The game lasted 00:09:44 (2304 turns).

Ereth the Slasher (Hill Orc Berserker)              Turns: 2304, Time: 00:09:46

Health: -6/40      AC:  6    Str: 19    XL:     4   Next: 92%
Magic:  4/4        EV: 11    Int:  8    God:    Trog [**....]
Gold:   151        SH:  0    Dex: 10    Spells: 3/3 levels left

rFire    . . .     SeeInvis .   a - +0 falchion
rCold    . . .     Gourm    .   (no shield)
rNeg     . . .     Faith    .   h - +1 ring mail
rPois    .         Spirit   .   (no helmet)
rElec    .         Reflect  .   (no cloak)
rCorr    .         Harm     .   (no gloves)
MR       .....                  (no boots)
Stlth    +.........             (no amulet)
HPRegen  0.13/turn              (no ring)
MPRegen  0.09/turn              (no ring)

@: about to teleport
A: no striking features
a: Berserk, Trog's Hand, Renounce Religion, Convert to Beogh


You were on level 3 of the Dungeon.
You worshipped Trog.
Trog was pleased with you.
You were not hungry.

You visited 1 branch of the dungeon, and saw 3 of its levels.

You collected 151 gold pieces.

Inventory:

Hand Weapons
 a - a +0 falchion (weapon)
 d - a +0 spear
 e - a +0 hunting sling
 i - a +2 dagger of freezing
 p - a +1 vampiric whip
 q - a +0 hunting sling
Missiles
 k - 37 arrows
Armour
 b - a +0 animal skin
 f - a +0 leather armour
 h - a +1 ring mail (worn)
Scrolls
 g - a scroll of teleportation
 j - a scroll of remove curse
Potions
 l - a potion of invisibility
 m - a potion of lignification
 n - 2 potions of magic
 s - a potion of heal wounds {unknown}
Comestibles
 c - 3 rations
 o - 7 chunks of flesh


   Skills:
 + Level 4.1 Fighting
 + Level 5.0 Long Blades
 + Level 2.7 Armour
 + Level 2.0 Dodging
 + Level 0.3 Stealth


You had 3 spell levels left.
You didn't know any spells.
Your spell library was empty.

Dungeon Overview and Level Annotations

Branches:
Dungeon (3/15)

Altars:
Ru

Annotations:
D:3 Natasha


Message History

You hit the orc.
The orc is moderately wounded.
Unknown command.
Okay, then.
As you read the scroll of teleportation, it crumbles to dust.
You feel strangely unstable.
Natasha mumbles some strange words.
The orc priest calls upon Beogh to heal the orc.
The orc's wounds heal themselves!
The orc hits you with a hand axe.
* * * LOW HITPOINT WARNING * * *
The orc priest looks braver for a moment.
The rat bites you but does no damage.
Natasha mumbles some strange words.
The orc priest hits you with a mace.
* * * LOW HITPOINT WARNING * * *
Unknown command.
The rat bites you but does no damage.
The orc priest invokes the aid of Beogh against you.
Beogh smites you!
You die...

#......####..####.......
#......# #.....#.......
#......# #.....#.......
#......####.##..........
#........##.###...[.....
#......#.##.###..)).....
####........#...........
#.......##.##........
#...@...##.##....##..
####orw.##.##.#.##...
#.o.....##.#......
#ooo....##.......##
#o.os#..........#..##
#oo##.......#... .....
.ooo.............. .#..
..h#............ .. ....
#5. .##.#.....#.# # #.


You could see 2 orc priests, a dart slug, 4 orcs, a giant cockroach and a rat.

Vanquished Creatures
  3 adders (D:2)
  An ooze (D:3)
  2 worms (D:2)
  3 dart slugs
  2 leopard geckos
  4 orcs (D:3)
  3 giant cockroaches
  6 goblins
  9 hobgoblins
  3 jackals (D:3)
  11 bats
  7 frilled lizards
  5 kobolds
  3 rats
62 creatures vanquished.

Notes
Turn   | Place    | Note
-------+----------+-------------------------------------------
     0 | D:1      | Ereth the Hill Orc Berserker began the quest for the Orb.
     0 | D:1      | Reached XP level 1. HP: 19/19 MP: 1/1
   267 | D:1      | Reached XP level 2. HP: 12/27 MP: 2/2
  1042 | D:2      | Reached XP level 3. HP: 27/33 MP: 3/3
  1126 | D:2      | Reached ** piety under Trog
  1126 | D:2      | Reached skill level 4 in Long Blades
  1446 | D:2      | Reached XP level 4. HP: 36/40 MP: 4/4
  1936 | D:3      | Found a sacrificial altar of Ru.
  2269 | D:3      | Reached skill level 5 in Long Blades
  2298 | D:3      | Noticed Natasha
  2304 | D:3      | Killed from afar by an orc priest

Skill      XL: |  1  2  3  4 |
---------------+-------------+-----
Fighting       | 4 |  4.1
Long Blades    | 4 5 |  5.0
Dodging        | 2 |  2.0
Armour         | |  2.7
Stealth        | |  0.3

Action                   |  1- 3 |  4- 6 || total
-------------------------+-------+-------++-------
Melee: Falchion          |   100 |    74 ||   174
  Use: Scroll            |     3 |     5 ||     8
  Eat: Chunk             |     2 |     3 ||     5
Armor: Ring mail         |    37 |    34 ||    71
       Animal skin       |     4 |       ||     4
Dodge: Dodged            |    82 |    65 ||   147
       Rpst.: Falchion   |    34 |    29 ||    63
